 Dungeon Crawl Stone Soup version 0.19-a0-1686-g35356ef (webtiles) character file.

104 matakusis the Slasher (level 4, -1/34 HPs)
             Began as a Demonspawn Gladiator on Sept 18, 2016.
             Succumbed to a gnoll's poison
             ... on level 2 of the Dungeon on Sept 25, 2016.
             The game lasted 00:10:06 (1757 turns).

matakusis the Slasher (Demonspawn Gladiator)        Turns: 1757, Time: 00:10:06

Health: -1/34      AC:  8    Str: 18 (21) XL:     4   Next: 52%
Magic:  4/4        EV: 12    Int: 12 (14) God:
Gold:   104        SH:  6    Dex: 12 (14) Spells: 0 memorised, 3 levels left

rFire  . . .     SeeInvis +     a - +0 long sword
rCold  . . .     Gourm    .     b - +0 leather armour
rNeg   . . .     Faith    .     x - +0 buckler
rPois  .         Spirit   .     c - +0 helmet
rElec  .         Dismiss  .     (no cloak)
rCorr  .         Reflect  +     (no gloves)
MR     .....     Harm     .     (no boots)
Stlth  +.........               j - +3 amulet of reflection
                                w - +1 ring of protection
                                r - ring of see invisible

@: mighty, brilliant, lethally poisoned (-1 -> -32)
A: thin metallic scales 1, demonic guardian 1
a: no special abilities


You were on level 2 of the Dungeon.
You were not hungry.

You visited 1 branch of the dungeon, and saw 2 of its levels.

You collected 104 gold pieces.

Inventory:

Hand Weapons
 a - a +0 long sword (weapon)
Missiles
 d - 3 throwing nets (quivered)
 k - 5 needles of frenzy
Armour
 b - a +0 leather armour (worn)
 c - a +0 helmet (worn)
 x - a +0 buckler (worn)
Jewellery
 j - a +3 amulet of reflection (around neck)
 r - a ring of see invisible (left hand)
 w - a +1 ring of protection (right hand)
Scrolls
 e - a scroll of magic mapping {unknown}
 g - a scroll of fog {unknown}
 h - a scroll of noise {unknown}
 i - a scroll of fear
 m - a scroll of enchant weapon {unknown}
 o - 2 scrolls of identify {unknown}
 q - a scroll of enchant armour {unknown}
 s - a scroll of immolation {unknown}
 u - a scroll of teleportation {unknown}
Comestibles
 f - a bread ration
 n - a meat ration
 t - a fruit
 v - 5 chunks of flesh


   Skills:
 * Level 2.8 Fighting
 + Level 3.8 Long Blades
 - Level 2.0 Throwing
 + Level 0.5 Armour
 + Level 3.2 Dodging


You had 3 spell levels left.
You didn't know any spells.

Dungeon Overview and Level Annotations

Branches:
Dungeon (2/15)

Altars:


Innate Abilities, Weirdness & Mutations

You are partially covered in thin metallic scales. (AC +2)
A weak demonic guardian rushes to your aid.


Message History

Unknown command.
It was a potion of degeneration.
There was something very wrong with that liquid.
You feel weakened.
You feel dopey.
You feel clumsy.
You feel very sick. The gnoll closely misses you.
It was a potion of might.
You feel very mighty all of a sudden.
You feel sick.
The gnoll hits you with a whip of venom!
* * * LOW HITPOINT WARNING * * *
It was a potion of brilliance.
You feel clever all of a sudden.
* * * LOW HITPOINT WARNING * * *
You feel sick. The gnoll hits you but does no damage.
You are more poisoned.
Okay, then.
As you read the scroll labeled WOITTE KUWIU, it crumbles to dust.
You assume a fearsome visage.
The goblin looks frightened!
The gnoll looks frightened!
It was a scroll of fear.
You die...

#. .....###(.###.(#.#.
....## ##..........
###..###..###..#.#.
#...#.#.).##.....
.##.######..#<####.##...##
ggl......#..######.#.....#
.g#g.....g...........#.#.#
#..####g#.###..........#
#..# #@# ######.#.#.#.#
#..# #.# .......#.....#
#..####.#...#.#..##.####
#>........#......##.#
#.####.##.......#.#..##.#
#.................... #.#
######.##<########. #.####
#.##.# #.####.)... #.##.#
#......###.


You could see a gnoll (fleeing) and a goblin (fleeing).

Vanquished Creatures
  3 adders (D:2)
  2 oozes
  2 worms (D:2)
  3 dart slugs (D:1)
  A leopard gecko (D:1)
  2 giant cockroaches (D:1)
  6 goblins
  4 hobgoblins
  3 jackals (D:2)
  10 kobolds
  8 bats
  4 frilled lizards (D:1)
  7 rats
55 creatures vanquished.

Notes
Turn   | Place    | Note
-------+----------+-------------------------------------------
     0 | D:1      | matakusis the Demonspawn Gladiator began the quest for the Orb.
     0 | D:1      | Reached XP level 1. HP: 16/16 MP: 1/1
   112 | D:1      | Gained mutation: You are partially covered in thin metallic scales. (AC +2) [demonic ancestry]
   112 | D:1      | Reached XP level 2. HP: 13/22 MP: 2/2
   207 | D:1      | Upgraded the game from 0.19-a0-1626-g5215c36 to 0.19-a0-1686-g35356ef
   447 | D:1      | Gained mutation: A weak demonic guardian rushes to your aid. [demonic ancestry]
   447 | D:1      | Reached XP level 3. HP: 18/28 MP: 3/3
  1235 | D:2      | Reached XP level 4. HP: 26/34 MP: 4/4
  1757 | D:2      | Succumbed to a gnoll's poison

Vault maps used:
D:1:      minmay_arrival_stair_chambers, minmay_misc_feat_hallway,
          interstate_on_off, minivault_11, st_stairs_12, minmay_octomino_c4
D:2:      kennysheep_big_flooded_room, first_bread, serial_glass,
          glass_columns_a, glass_columns_b, glass_columns_a, glass_columns_a,
          glass_columns_a, glass_columns_a, glass_columns_a, glass_columns_a

Skill      XL: |  1  2 |
---------------+-------+-----
Long Blades    | 3 |  3.8
Throwing       | 2 |  2.0
Dodging        | 3 |  3.2
Fighting       | |  2.8
Armour         | |  0.5

Action                   |  1- 3 |  4- 6 || total
-------------------------+-------+-------++-------
Melee: Long sword        |   125 |    59 ||   184
  Use: Potion            |       |     3 ||     3
       Scroll            |       |     1 ||     1
  Eat: Chunk             |     1 |     2 ||     3
Armor: Leather armour    |    37 |    14 ||    51
Dodge: Dodged            |    70 |    43 ||   113
Block: Other             |    16 |     5 ||    21
       Buckler           |       |     5 ||     5
       Reflection        |       |     1 ||     1
